 Dungeon Crawl Stone Soup version 0.24-a0-630-g0d56a851f4 (webtiles) character file.

Game seed: 10263881464099693085, levelgen mode: deterministic

7665 Grimm the Arsonist (level 10, -17/84 HPs)
             Began as a Pale Draconian Fire Elementalist on Sept 18, 2019.
             Was a Priest of Vehumet.
             Demolished by Snorg (18 damage)
             ... on level 10 of the Dungeon on Sept 19, 2019.
             The game lasted 00:59:33 (15192 turns).

Grimm the Arsonist (DrFE)                          Turns: 15192, Time: 00:59:34

Health: -17/84     AC: 10    Str: 12    XL:     10   Next: 99%
Magic:  14/19      EV: 29    Int: 17    God:    Vehumet [***...]
Gold:   424        SH:  0    Dex: 12    Spells: 10/21 levels left

rFire    . . .     SeeInvis .   B - -1 demon blade
rCold    . . .     Gourm    .   (no shield)
rNeg     . . .     Faith    .   (armour unavailable)
rPois    +         Spirit   .   (helmet restricted)
rElec    .         Reflect  .   h - +0 cloak
rCorr    .         Harm     .   q - +0 pair of gloves
MR       .....                  i - +0 pair of boots
Stlth    ++........             s - amulet of the acrobat
HPRegen  0.24/turn              p - ring of flight
MPRegen  0.16/turn              n - ring of poison resistance

@: short of breath, acrobat
A: breathe steam, unfitting armour, cold-blooded, AC +7
a: Breathe Steam, Renounce Religion, Evoke Flight


You were on level 10 of the Dungeon.
You worshipped Vehumet.
Vehumet was most pleased with you.
You were very hungry.

You visited 2 branches of the dungeon, and saw 11 of its levels.

You collected 774 gold pieces.
You spent 350 gold pieces at shops.

Inventory:

Hand Weapons
 B - a -1 demon blade (weapon)
Missiles
 c - 35 poisoned darts (quivered)
Armour
 h - a +0 cloak (worn)
 i - a +0 pair of boots (worn)
 q - a +0 pair of gloves (worn)
Jewellery
 n - a ring of poison resistance (right hand)
 p - a ring of flight (left hand)
 r - a +2 ring of strength
 s - an amulet of the acrobat (around neck)
Wands
 w - a wand of paralysis (8)
 z - a wand of enslavement (5)
 A - a wand of iceblast (7)
Scrolls
 j - a scroll of fear
 k - 7 scrolls of remove curse
 m - 2 scrolls of teleportation
 x - 2 scrolls of identify
 y - 2 scrolls of fog
Potions
 a - 4 potions of curing
 d - a potion of lignification
 e - 4 potions of berserk rage
 f - 3 potions of might
 g - 2 potions of brilliance
 l - 3 potions of flight
 o - a potion of agility
 t - a potion of resistance
 u - 3 potions of haste
 v - 4 potions of invisibility
Comestibles
 b - 14 rations


   Skills:
 + Level 6.7 Fighting
 + Level 5.6 Dodging
 - Level 1.8 Stealth
 - Level 6.1 Spellcasting
 - Level 9.6 Conjurations
 - Level 10.0 Fire Magic
 + Level 2.7 Evocations


You had 10 spell levels left.
You knew the following spells:

 Your Spells              Type           Power        Failure   Level  Hunger
a - Flame Tongue          Conj/Fire      #####        1%          1    None
b - Throw Flame           Conj/Fire      #####.       1%          2    None
c - Conjure Flame         Conj/Fire      #####...     1%          3    ##.....
d - Fireball              Conj/Fire      #####.....   1%          5    #####..

Your spell library contained the following spells:

 Spells                   Type           Power        Failure   Level  Hunger
 Stone Arrow              Conj/Erth      ###...       1%          3    ##.....
 Shock                    Conj/Air       ###.         1%          1    None
 Throw Frost              Conj/Ice       ###...       1%          2    None
 Inner Flame              Hex/Fire       ###.....     1%          3    ##.....
 Static Discharge         Conj/Air       ###.....     1%          3    ##.....
 Sticky Flame             Conj/Fire      #####...     1%          4    ####...
 Freeze                   Ice            #...         3%          1    None
 Throw Icicle             Conj/Ice       ###.....     4%          4    ####...
 Animate Skeleton         Necr           N/A          13%         1    None
 Confusing Touch          Hex            #.....       13%         1    None
 Pain                     Necr           #...         13%         1    None
 Lightning Bolt           Conj/Air       ###.......   13%         5    #####..
 Swiftness                Chrm/Air       #.......     19%         2    None
 Airstrike                Air            #.........   30%         4    ####...
 Confuse                  Hex            #.......     36%         3    ##.....
 Gell's Gravitas          Tloc           #.........   36%         3    ##.....
 Ozocubu's Armour         Chrm/Ice       #.......     36%         3    ##.....
 Regeneration             Chrm/Necr      #.........   36%         3    ##.....
 Vampiric Draining        Necr           #.........   36%         3    ##.....
 Yara's Violent Unravell  Hex/Tmut       #.........   63%         5    #####..
 Animate Dead             Necr           N/A          77%         4    ####...
 Petrify                  Tmut/Erth      #.......     77%         4    ####...
 Summon Ice Beast         Ice/Summ       #.......     77%         4    ####...
 Metabolic Englaciation   Hex/Ice        #.........   98%         5    #####..


Dungeon Overview and Level Annotations

Branches:
Dungeon (10/15)            Temple (1/1) D:6            Lair (0/6) D:8
    Orc (0/2) D:9

Altars:
Ashenzari
Cheibriados
Dithmenos
Elyvilon
Fedhas
Gozag
Hepliaklqana
Kikubaaqudgha
Makhleb
Nemelex Xobeh
Okawaru
Qazlal
Ru
Sif Muna
Trog
Uskayaw
Vehumet
Wu Jian
Xom
Yredelemnul
Zin
The Shining One
Beogh

Shops:
D:7 =   D:10 *

Annotations:
D:9 Psyche
D:10 Snorg


Innate Abilities, Weirdness & Mutations

You can breathe blasts of scalding, opaque steam.
Your pale cyan-grey scales are hard. (AC +7)
You cannot fit into any form of body armour.
You are cold-blooded and may be slowed by cold attacks.


Message History

Snorg is engulfed in a cloud of scalding steam.
Snorg bites you! Snorg closely misses you. Snorg claws you!
Snorg is engulfed in a cloud of scalding steam.
Snorg barely misses you. Snorg claws you! Snorg claws you.
As you read the scroll of fear, it crumbles to dust.
You assume a fearsome visage.
Snorg resists with almost no effort.
Snorg is engulfed in a cloud of scalding steam.
Snorg bites you!!
* * * LOW HITPOINT WARNING * * *
Snorg claws you!
* * * LOW HITPOINT WARNING * * *
Snorg closely misses you. Snorg bites you.
* * * LOW HITPOINT WARNING * * *
Snorg completely misses you. Snorg closely misses you. Snorg misses you.
Snorg claws you but does no damage. Snorg closely misses you.
Unknown command.
Snorg rages.
Snorg bites you!!
You die...

#..#.#.#.#.#.#.#.#.#
#..##.............##
#.....#.#.#.#.#.#...
#...................
#......#.#.#.#.#.###
#..##...........##
#..####☼#.#.#.#.####
#...................
#..@T..............#
#..#############...#
#..# #...#
#..#############...#
#..................#
#...................
#...............(...
#..............####.
#..............# #.


You could see Snorg (berserk).

Vanquished Creatures
  Pikel (D:6)
  A centaur skeleton (D:10)
  A gargoyle (D:10)
  Prince Ribbit (D:5)
  A hippogriff (D:10)
  Sigmund (D:6)
  2 wyverns (D:8)
  A hungry ghost (D:10)
  Menkaure (D:5)
  An acid dragon (D:8)
  2 slaves (D:6)
  3 sky beasts
  6 ice beasts
  5 orc warriors
  2 black bears (D:9)
  A phantom (D:4)
  5 ogres
  4 centaurs
  2 crocodiles (D:8)
  A big kobold (D:7)
  10 bullfrogs
  2 wyvern zombies
  3 scorpions
  3 killer bees (D:10)
  2 howler monkeys (D:7)
  10 wights
  3 crimson imps
  A centaur zombie (D:9)
  A bullfrog zombie (D:10)
  A quasit (D:6)
  5 orc priests
  4 jellies
  A gnoll shaman (D:4)
  Crazy Yiuf (D:5)
  4 hounds
  4 iguanas
  4 orc wizards
  12 worker ants
  A hound skeleton (D:10)
  5 gnolls
  14 adders
  An ooze (D:3)
  An adder zombie (D:9)
  4 worms
  2 dart slugs (D:1)
  3 leopard geckos
  24 orcs
  4 bats (D:1)
  2 giant cockroaches
  16 goblins
  9 hobgoblins
  16 jackals
  11 kobolds
  6 quokkas
  2 ball pythons
  A frilled lizard (D:1)
  2 leopard gecko zombies (D:8)
  A quokka skeleton (D:4)
  A quokka zombie (D:7)
  5 rats
244 creatures vanquished.

Vanquished Creatures (others)
  An iguana (D:6)
  A gnoll (D:6)
2 creatures vanquished.

Grand Total: 246 creatures vanquished

Notes
Turn   | Place    | Note
-------+----------+-------------------------------------------
     0 | D:1      | Grimm the Draconian Fire Elementalist began the quest for
                  | the Orb.
     0 | D:1      | Reached XP level 1. HP: 14/14 MP: 3/3
   242 | D:1      | Reached XP level 2. HP: 19/20 MP: 3/5
   306 | D:1      | Learned a level 2 spell: Throw Flame
   369 | D:1      | You fall into a shaft and drop 1 floor!
   833 | D:1      | Reached XP level 3. HP: 10/26 MP: 2/6
  1028 | D:1      | Upgraded the game from 0.24-a0-619-gb7544fd237 to
                  | 0.24-a0-630-g0d56a851f4
  1389 | D:1      | Learned a level 3 spell: Conjure Flame
  1779 | D:1      | Reached skill level 1 in Fighting
  2088 | D:2      | Reached XP level 4. HP: 35/35 MP: 2/7
  3257 | D:3      | Found an iron altar of Okawaru.
  3566 | D:3      | Found a sparkling altar of Nemelex Xobeh.
  3656 | D:3      | Reached XP level 5. HP: 35/41 MP: 0/8
  4042 | D:4      | Noticed a phantom
  4042 | D:4      | Noticed an ice beast
  4452 | D:4      | Noticed an ice beast
  4466 | D:4      | Killed an ice beast
  4466 | D:4      | Reached skill level 4 in Fire Magic
  4613 | D:4      | Reached XP level 6. HP: 49/51 MP: 1/9
  4714 | D:3      | Killed an ice beast
  4714 | D:3      | Reached skill level 5 in Fire Magic
  4883 | D:4      | Found a stormy altar of Qazlal.
  4926 | D:4      | Your scales start taking on a pale cyan-grey colour.
  4926 | D:4      | Reached XP level 7. HP: 57/58 MP: 0/10
  5372 | D:4      | Reached skill level 6 in Fire Magic
  5624 | D:4      | Found a shattered altar of Ashenzari.
  5713 | D:4      | Reached skill level 5 in Conjurations
  6187 | D:5      | Entered Level 5 of the Dungeon
  6187 | D:5      | Found a bloodstained altar of Trog.
  6279 | D:5      | Found a runed translucent door.
  6280 | D:5      | Noticed Crazy Yiuf
  6346 | D:5      | Noticed Prince Ribbit
  6661 | D:5      | Noticed Menkaure
  6666 | D:5      | Killed Menkaure
  6666 | D:5      | Reached XP level 8. HP: 66/66 MP: 3/12
  6918 | D:5      | Killed Prince Ribbit
  7264 | D:5      | Killed Crazy Yiuf
  7264 | D:5      | Reached skill level 7 in Fire Magic
  7662 | D:6      | Reached skill level 8 in Fire Magic
  8042 | D:6      | Reached skill level 5 in Fighting
  8127 | D:6      | Reached skill level 5 in Dodging
  8237 | D:6      | Reached XP level 9. HP: 71/74 MP: 8/15
  8238 | D:6      | Found a staircase to the Ecumenical Temple.
  8421 | Temple   | Entered the Ecumenical Temple
  8428 | Temple   | Became a worshipper of Vehumet
  8707 | D:6      | Noticed Pikel
  8763 | D:6      | Killed Pikel
  8864 | D:6      | Learned a level 5 spell: Fireball
  8950 | D:6      | Noticed Sigmund
  8965 | D:6      | Killed Sigmund
  9390 | D:6      | Found a glowing silver altar of Zin.
  9569 | D:7      | Found a blossoming altar of Fedhas.
  9957 | D:7      | Found Dal Kiud's Jewellery Boutique.
  9968 | D:7      | Bought an uncursed ring of poison resistance for 240 gold
                  | pieces
 10098 | D:7      | Reached skill level 9 in Fire Magic
 10663 | D:7      | Reached * piety under Vehumet
 10663 | D:7      | Offered knowledge of Freeze by Vehumet.
 11018 | D:8      | Reached XP level 10. HP: 71/83 MP: 6/16
 11449 | D:8      | Found a blossoming altar of Fedhas.
 11629 | D:8      | Reached skill level 10 in Fire Magic
 12248 | D:8      | Found a staircase to the Lair.
 12450 | D:9      | Found a shadowy altar of Dithmenos.
 12750 | D:9      | Found a staircase to the Orcish Mines.
 12955 | D:9      | Found a roughly hewn altar of Beogh.
 12968 | D:9      | Found a sacrificial altar of Ru.
 13107 | D:9      | Reached ** piety under Vehumet
 13107 | D:9      | Offered knowledge of Searing Ray by Vehumet.
 13219 | D:9      | Noticed Psyche
 13625 | D:9      | Reached skill level 5 in Spellcasting
 13662 | D:10     | Entered Level 10 of the Dungeon
 13873 | D:10     | Found Dioqish's Lightly-Used Armoury.
 13877 | D:10     | Bought a -1 demon blade for 110 gold pieces
 14172 | D:10     | Offered knowledge of Stone Arrow by Vehumet.
 14264 | D:10     | Reached skill level 1 in Evocations
 14484 | D:10     | Reached *** piety under Vehumet
 14760 | D:10     | Noticed a gargoyle
 14771 | D:10     | Killed a gargoyle
 15182 | D:10     | Noticed Snorg
 15189 | D:10     | HP: 3/84 [Snorg (10)]
 15190 | D:10     | HP: 1/84 [Snorg (3)]
 15192 | D:10     | Demolished by Snorg

Levels and vault maps discovered:
D:1:      giann_wishing_wells, layout_rooms
D:2:      layout_rooms, corexii_corridor_pit
D:3:      layout_loops_ring, lemuel_doored_altar,
          nicolae_overflow_hidden_temple, kennysheep_potato
D:4:      layout_loops_ring, kennysheep_mini, first_ration,
          nicolae_qazlal_general_emergency
D:5:      layout_loops_ring, nicolae_overflow_crystal_walls,
          uniq_prince_ribbit1, uniq_crazy_yiuf_cottage, uniq_menkaure
D:6:      layout_loops_corners, zin_academy, minmay_temple_entry_proselytizer,
          minmay_ogre_servants, uniq_sigmund, uniq_pikel
D:7:      layout_basic, serial_shops, shop, fedhas_altar_1
D:8:      layout_gridville, erik_lair_dragon, basic_altar
D:9:      layout_loops_ring, lemuel_round_altar, grunt_dithmenos_smoke,
          minmay_orc_entry_temple_small, hangedman_pestilent_swarm,
          lightli_fourway_metalbox, uniq_psyche
D:10:     layout_long_grid, library_closet, minmay_shop_damaged,
          chequers_serial_rivers_room_b, hex_medium, kennysheep_generic_room_10,
          uniq_snorg
Temple:   nicolae_temple_no_exploring_needed

Skill      XL: |  1  2  3  4  5  6  7  8  9 10 |
---------------+-------------------------------+-----
Conjurations   | 2 3 5 7 9 |  9.6
Dodging        | 2 3 5 |  5.6
Fighting       | 1 2 3 4 5 6 |  6.7
Fire Magic     | 4 5 6 8 9 10 | 10.0
Spellcasting   | 4 6 |  6.1
Evocations     | 2 |  2.7
Stealth        | |  1.8

Action                   |  1- 3 |  4- 6 |  7- 9 | 10-12 || total
-------------------------+-------+-------+-------+-------++-------
Melee: Dagger            |    18 |       |       |       ||    18
       Short sword       |    41 |    25 |    44 |       ||   110
       Tailslap          |     5 |     3 |     9 |     6 ||    23
       Rapier            |       |       |    33 |    18 ||    51
       Demon blade       |       |       |       |    13 ||    13
Throw: Dart              |       |       |     4 |       ||     4
 Cast: Flame Tongue      |    43 |    93 |   261 |   217 ||   614
       Throw Flame       |    19 |    12 |    52 |    60 ||   143
       Conjure Flame     |       |       |     8 |     3 ||    11
       Fireball          |       |       |       |     3 ||     3
 Abil: Breathe Steam     |       |       |     7 |     8 ||    15
  Use: Scroll            |       |     8 |    13 |    11 ||    32
 Stab: Sleeping          |     1 |     3 |     1 |       ||     5
  Eat: Chunk             |     6 |     8 |    12 |    17 ||    43
       Ration            |       |     1 |     3 |       ||     4
Armor: Skin              |    21 |    18 |    71 |    55 ||   165
Dodge: Dodged            |    56 |    57 |   135 |   132 ||   380
       Rpst.: Demon blade |       |       |       |    12 ||    12

Table legend:
 A = Non-vault XP
 B = Vault XP
 C = Vault XP percentage of total XP
 D = Non-vault monster count
 E = Vault monster count
 F = Vault count percentage of total count
                 A         B        C        D         E       F
            +---------+---------+-------+---------+---------+-------
      Total |    7785 |    3166 |  28.9 |     202 |      40 |  16.5
            +---------+---------+-------+---------+---------+-------
        D:1 |      71 |       0 |   0.0 |      31 |       0 |   0.0
        D:2 |      66 |       0 |   0.0 |      15 |       0 |   0.0
        D:3 |     199 |      20 |   9.1 |      14 |       3 |  17.6
        D:4 |     938 |       0 |   0.0 |      29 |       0 |   0.0
        D:5 |      70 |     460 |  86.8 |       1 |       3 |  75.0
        D:6 |    1038 |    1005 |  49.2 |      18 |      12 |  40.0
        D:7 |    1365 |       0 |   0.0 |      26 |       0 |   0.0
        D:8 |     708 |     777 |  52.3 |      16 |       5 |  23.8
        D:9 |     717 |     625 |  46.6 |      18 |      15 |  45.5
       D:10 |    2613 |     279 |   9.6 |      34 |       2 |   5.6
            +---------+---------+-------+---------+---------+-------
